AoeStats
← hula

Black Forest

510557216Analyzed
2v2 RM · 14h ago on Oct 1, 2026· 50m 28s· 4 players
Game mode
Random Map
Map size
Medium (4 player)
Population
200
Speed
Normal
Resources
Standard
Victory
Conquest
Starting age
Dark Age
Ending age
Imperial Age
RankedLock teamsTeams togetherTeam positionsShared explorationLock speedFull tech treeHidden civsTurbo modeCheats
Victory
Defeat
🇫🇷 Bohemians · France
919
+13
🇮🇹 Shu · Italy
878
+15
🇪🇸 Franks · Spain
893
-15
🇦🇷 Goths · Argentina
818
-24
IKUN
0:59 Loom
15:22 Feudal Age
16:13 Horse Collar
16:18 Double-Bit Axe
16:39 Gold Mining
16:41 Stone Mining
21:05 Castle Age
22:33 Crossbowman
26:22 Heavy Plow
29:13 Imperial Age
27:09 Fletching
27:20 Padded Archer Armor
28:11 Forging
27:38 Man-at-Arms
28:46 Ballistics
28:40 Bodkin Arrow
29:00 Leather Archer Armor
28:46 Scale Mail Armor
28:35 Long Swordsman
30:05 Leather Archer Armor
30:03 Masonry
30:38 Squires
30:25 Gambesons
30:26 Two-Handed Swordsman
32:40 Wheelbarrow
31:41 Arbalester
33:15 Thumb Ring
34:23 Bolt Magazine
36:43 Pikeman
38:26 Conscription
37:30 Champion
39:36 Chain Mail Armor
40:26 Bracer
41:39 Chemistry
40:45 Siege Engineers
42:52 Architecture
43:26 Plate Mail Armor
44:49 Arson
47:05 Murder Holes
46:56 Arrowslits
47:36 Halberdier
hula
1:02 Loom
12:11 Feudal Age
16:13 Double-Bit Axe
20:33 Castle Age
21:36 Bow Saw
21:10 Horse Collar
21:14 Elite Skirmisher
27:05 Caravan
32:20 Imperial Age
30:14 Squires
30:42 Forging
30:52 Caravan
31:42 Wheelbarrow
30:54 Town Watch
30:45 Pikeman
32:29 Wagenburg Tactics
33:49 Conscription
34:50 Chemistry
35:06 Two-Man Saw
35:34 Halberdier
36:21 Light Cavalry
40:29 Elite Hussite Wagon
41:59 Padded Archer Armor
43:39 Cavalier
46:49 Husbandry
Godzi
10:44 Feudal Age
14:35 Wheelbarrow
16:35 Castle Age
17:13 Loom
18:06 Double-Bit Axe
23:52 Forging
28:14 Imperial Age
26:47 Bow Saw
26:46 Scale Barding Armor
28:03 Ballistics
27:48 Husbandry
27:51 Town Watch
28:06 Gold Mining
28:09 Stone Mining
29:10 Hand Cart
28:33 Cavalier
30:54 Paladin
32:43 Chemistry
32:09 Crossbowman
32:45 Fletching
33:50 Gold Shaft Mining
38:12 Chain Barding Armor
43:01 Plate Barding Armor
42:34 Padded Archer Armor
48:07 Iron Casting
LOCO_AMIN
0:34 Loom
12:08 Feudal Age
18:55 Castle Age
17:21 Double-Bit Axe
30:30 Wheelbarrow
30:20 Horse Collar
31:12 Heavy Plow
31:37 Hand Cart
31:10 Treadmill Crane
34:48 Bow Saw
35:28 Anarchy
37:22 Squires
38:10 Scale Mail Armor
38:20 Forging
39:20 Chain Mail Armor
42:57 Imperial Age
44:33 Gold Mining
48:36 Elite Skirmisher
49:51 Onager
Connection lost

Rejoining the realm…

Still unreachable

The connection could not be restored.

Session expired

The server has moved on; the page needs a fresh start.